AoeStats
← с упругой

Pilgrims

510102296Analyzed
4v4 RM · 3d ago on Sep 29, 2026· 26m 32s· 8 players
Game mode
Random Map
Map size
Large (8 player)
Population
200
Speed
Normal
Resources
Standard
Victory
Conquest
Starting age
Dark Age
Ending age
Imperial Age
RankedLock teamsTeams togetherTeam positionsShared explorationLock speedFull tech treeHidden civsTurbo modeCheats
Victory
Defeat
🇮🇳 Koreans · India
1594
+12
🇹🇼 Varangians · Taiwan
1553
+14
🇻🇳 Persians · Vietnam
1513
+15
🇯🇵 Japanese · Japan
1499
+16
🇷🇺 Koreans · Russia
1528
-15
🇪🇸 Danes · Spain
1523
-15
🇵🇪 Malay · Peru
1485
-14
🇷🇺 Huns · Russia
1479
-13
с упругой
5:20 Loom
12:19 Feudal Age
13:27 Double-Bit Axe
16:34 Fletching
Nobody
12:16 Feudal Age
16:50 Castle Age
16:29 Fletching
16:35 Loom
16:37 Town Watch
17:32 Bodkin Arrow
19:16 Padded Archer Armor
KLIKELIN
2:42 Loom
10:32 Feudal Age
14:06 Castle Age
20:39 Double-Bit Axe
24:05 Forging
26:27 Gold Mining
Riveryyy
9:56 Loom
11:51 Feudal Age
15:47 Castle Age
14:24 Horse Collar
14:30 Double-Bit Axe
16:53 Scale Barding Armor
16:58 Forging
好奇小牛
3:43 Loom
11:55 Feudal Age
12:38 Double-Bit Axe
13:23 Fishing Lines
16:12 Castle Age
15:37 Stone Mining
16:51 Fletching
18:46 Bodkin Arrow
22:05 Imperial Age
22:28 Bow Saw
23:04 Gillnets
24:45 Two-Man Saw
24:26 Wheelbarrow
24:29 Forging
24:25 Scale Barding Armor
25:56 Gold Mining
27:05 Conscription
kerwin
8:02 Loom
11:33 Feudal Age
15:19 Castle Age
13:12 Double-Bit Axe
14:10 Fishing Lines
16:28 Bow Saw
19:06 Wheelbarrow
18:18 Town Watch
20:34 Gillnets
20:44 Fletching
20:49 Gold Mining
21:23 Bodkin Arrow
shogun
3:57 Loom
15:11 Feudal Age
16:51 Wheelbarrow
17:10 Double-Bit Axe
20:59 Forging
27:09 Castle Age
25:07 Fishing Lines
tktk
3:08 Loom
10:46 Feudal Age
11:39 Double-Bit Axe
12:38 Fletching
14:15 Wheelbarrow
13:44 Fishing Lines
Connection lost

Rejoining the realm…

Still unreachable

The connection could not be restored.

Session expired

The server has moved on; the page needs a fresh start.